 Dungeon Crawl Stone Soup version 0.32-a0-599-gba8f9cf90e (webtiles) character file.

Game seed: 14026226591101391888

49 PriceMaster the Apothecary (level 3, -2/16 HPs)
             Began as a Spriggan Alchemist on Mar 3, 2024.
             Slain by a gnoll
             ... wielding a +0 halberd
              (10 damage)
             ... on level 2 of the Dungeon.
             The game lasted 00:01:59 (1297 turns).

PriceMaster the Apothecary (Spriggan Alchemist)     Turns: 1297, Time: 00:02:00

Health: -2/16      AC:  2    Str:  4    XL:     3   Next: 51%
Magic:  0/8        EV: 17    Int: 18    God:
Gold:   80         SH:  0    Dex: 15    Spells: 2/8 levels left

rFire   . . .        f - +0 short sword
rCold   . . .        (no shield)
rNeg    . . .        a - +0 robe
rPois   .            (helmet restricted)
rElec   .            (no cloak)
rCorr   .            (gloves unavailable)
SInv    +            (boots unavailable)
Will    .....        (no amulet)
Stlth   ++           (no ring)
HPRegen 0.22/turn    (no ring)
MPRegen 0.11/turn

%: no passive effects
@: inugami summoned, very quick
A: very small, no large weapons, unfitting armour, see invisible, speed 3
a: no special abilities


You were on level 2 of the Dungeon.
You visited 1 branch of the dungeon, and saw 2 of its levels.

You collected 80 gold pieces.

Inventory:

Hand Weapons
 f - a +0 short sword (weapon)
Armour
 a - a +0 robe (worn)
Scrolls
 e - a scroll of revelation
Potions
 b - a potion of magic
 c - a potion of ambrosia
 d - a potion of mutation {unknown}
 i - a potion of haste {unknown}
 k - a potion of enlightenment {unknown}


   Skills:
 + Level 0.2 Fighting
 + Level 1.0 Short Blades
 + Level 3.0 Dodging
 + Level 3.6 Stealth
 + Level 3.1 Spellcasting
 + Level 0.6 Conjurations
 + Level 4.1 Alchemy


You had 2 spell levels left.
You knew the following spells:

 Your Spells              Type           Power      Damage    Failure   Level
a - Sting                 Conj/Alch      44%        1d5       6%          1
b - Mercury Vapours       Alch/Air       20%        N/A       11%         2
c - Call Canine Familiar  Summ           2%         N/A       43%         3

Your spell library contained the following spells:

 Spells                   Type           Power      Damage    Failure   Level
 Summon Small Mammal      Summ           8%         N/A       16%         1
 Mephitic Cloud           Conj/Alch/Air  8%         N/A       26%         3
 Olgreb's Toxic Radiance  Alch           17%        N/A       28%         4
 Sticky Flame             Fire/Alch      10%        2d5       56%         4
 Summon Blazeheart Golem  Fire/Summ      2%         N/A       85%         4


Dungeon Overview and Level Annotations

Branches:
Dungeon (2/15)

Altars:


Innate Abilities, Weirdness & Mutations

You are very small and have problems with some larger weapons.
You are too small for most types of armour.
You have supernaturally acute eyesight. (SInv)
You cover ground extremely quickly. (Speed+++)


Message History

Your inugami hits the gnoll but does no damage.
The gnoll barely misses you.
You hit the gnoll.
You kill the gnoll!
Your inugami hits the gnoll. The gnoll misses your inugami.
The gnoll hits you from afar with a +0 spear!
Your Short Blades skill increases to level 1!
Your inugami hits the gnoll.
Things that are here:
a +0 whip; a gnoll corpse
Casting: Sting (safe; 6% risk of failure)
Confirm with . or Enter, or press ? or * to list all spells.
Aiming: Sting (safe; 6% risk of failure)
Press: ? - help, Shift-Dir - straight line, f - gnoll
Aim: a gnoll, wielding a +0 spear (75% to hit)
The sting misses the gnoll.
The gnoll closely misses you.
Your inugami hits the gnoll.
Casting: Sting (safe; 6% risk of failure)
Confirm with . or Enter, or press ? or * to list all spells.
Aiming: Sting (safe; 6% risk of failure)
Press: ? - help, Shift-Dir - straight line, f/p - gnoll
Aim: a gnoll, wielding a +0 spear (moderately wounded, ally target, 75% to hit)
The sting hits the gnoll but does no damage.
The gnoll is poisoned.
The gnoll is moderately wounded.
The gnoll hits you from afar with a +0 spear.
Your inugami hits the gnoll.
Casting: Sting (safe; 6% risk of failure)
Confirm with . or Enter, or press ? or * to list all spells.
Aiming: Sting (safe; 6% risk of failure)
Press: ? - help, Shift-Dir - straight line, f/p - gnoll
Aim: a gnoll, wielding a +0 spear (heavily wounded, poisoned, ally target, 75% to hit)
The sting hits the gnoll.
The gnoll is poisoned.
The gnoll is almost dead.
The gnoll barely misses you. x2; Your inugami barely misses the gnoll.
The gnoll closely misses you.
Your inugami closely misses the gnoll.
The gnoll attacks as it pursues you!
The gnoll hits you from afar with a +0 halberd!
Ouch! That really hurt!
You die...

###+#######+##
##............#
#..†..........#
#.............#
+......>...#'###
#.##.##.##.#...#
#.##.##.##@###.#
#.##.##.#..###.#
#..#.##.#..g...#####
###[#.##.####.......#
#)).÷.##......h####.#
#.#.####.####..#
#.#.# #.# #..# #.#.#
)..# #.#<# ###.#


You could see a gnoll (poisoned, ally target) and a friendly inugami (summoned).

Vanquished Creatures
  A gnoll (D:2)
  An adder (D:2)
  A dart slug (D:1)
  4 ball pythons
  A bat (D:1)
  An endoplasm (D:1)
  2 goblins (D:1)
  5 jackals (D:1)
  5 kobolds
  2 quokkas (D:1)
  4 rats (D:1)
27 creatures vanquished.

Notes
Turn   | Place    | Note
-------+----------+-------------------------------------------
     0 | D:1      | PriceMaster the Spriggan Alchemist began the quest for the
                  | Orb.
     0 | D:1      | Reached XP level 1. HP: 9/9 MP: 5/5
   292 | D:1      | Reached XP level 2. HP: 13/13 MP: 4/7
   295 | D:1      | Learned a level 2 spell: Mercury Vapours
   542 | D:1      | Reached skill level 4 in Alchemy
  1030 | D:2      | Reached XP level 3. HP: 7/16 MP: 5/8
  1034 | D:2      | Learned a level 3 spell: Call Canine Familiar
  1292 | D:2      | Reached skill level 1 in Short Blades
  1297 | D:2      | Slain by a gnoll

Illustrated notes

Levels and vault maps discovered:
D:1:      wander_arrival_peaceful_grave, layout_loops_ring,
          minmay_indecisive_spiral
D:2:      layout_basic, serial_shops, nicolae_shop_getting_attention,
          fountainhead

Skill      XL: |  1  2  3 |
---------------+----------+-----
Spellcasting   | 3 |  3.1
Alchemy        | 4 |  4.1
Dodging        | 3 |  3.0
Short Blades   | 1 |  1.0
Fighting       | |  0.2
Stealth        | |  3.6
Conjurations   | |  0.6

Action                     || total
---------------------------++-------
  Melee: Short sword       ||    43
         Unarmed           ||     3
   Cast: Sting             ||    35
         Mercury Vapours   ||     2
         Call Canine Famil ||     2
    Use: Scroll            ||     5
   Stab: Sleeping          ||     2
 Armour: Robe              ||    25
  Dodge: Dodged            ||    63

Table legend: (Time is in decaauts)
 A = Elapsed time spent in this place.
 B = Non-inter-level travel time spent in this place.
 C = Inter-level travel time spent in this place.
 D = Time resting spent in this place.
 E = Time spent auto-exploring this place.
 F = Levels seen in this place.
 G = Mean time per level.
                   A        B        C        D        E       F      G
               +--------+--------+--------+--------+--------+-----+--------+
         Total |   1075 |   1062 |     13 |    313 |    574 |   2 |  537.5 |
       Dungeon |   1075 |   1062 |     13 |    313 |    574 |   2 |  537.5 |
               +--------+--------+--------+--------+--------+-----+--------+

Top non-repeatable levels by time:
     D:1: 819 daAuts
     D:2: 256 daAuts
